 Dungeon Crawl Stone Soup version 0.30-a0-743-gbfdf073431 (webtiles) character file.

Game seed: 8707207684662835698

1 LennaLeFay the Conjurer (level 1, -2/7 (12) HPs)
             Began as a Tengu Reaver on Feb 6, 2023.
             Slain by a kobold
             ... wielding a +0 whip
              (5 damage)
             ... on level 1 of the Dungeon.
             The game lasted 00:02:40 (119 turns).

LennaLeFay the Conjurer (Tengu Reaver)               Turns: 119, Time: 00:02:41

HP:   -2/7 (12)     AC:  3    Str: 12    XL:     1   Next: 20%
MP:   4/4           EV: 11    Int: 13    God:
Gold: 0             SH:  0    Dex: 12    Spells: 3/4 levels left

rFire   . . .      SeeInvis .    a - +0 hand axe
rCold   . . .      Faith    .    (no shield)
rNeg    . . .      Spirit   .    b - +0 leather armour
rPois   .          Reflect  .    (helmet restricted)
rElec   .          Harm     .    (no cloak)
rCorr   .          Rampage  .    (no gloves)
Will    .....                    (boots unavailable)
Stlth   +                        (no amulet)
HPRegen 0.21/turn                (no ring)
MPRegen 0.09/turn                (no ring)

@: very heavily drained
A: beak, talons 3
a: no special abilities


You were on level 1 of the Dungeon.
You visited 1 branch of the dungeon, and saw 1 of its levels.

Inventory:

Hand Weapons
 a - a +0 hand axe (weapon)
Armour
 b - a +0 leather armour (worn)


   Skills:
 + Level 2.0 Fighting
 + Level 3.4 Axes
 + Level 2.1 Dodging
 + Level 2.0 Spellcasting
 + Level 4.0 Conjurations


You had 3 spell levels left.
You knew the following spells:

 Your Spells              Type           Power      Damage    Failure   Level
a - Kiss of Death         Conj/Necr      24%        2d7       14%         1

Your spell library contained the following spells:

 Spells                   Type           Power      Damage    Failure   Level
 Momentum Strike          Conj/Tloc      12%        3d8       22%         2
 Hailstorm                Conj/Ice       6%         3d4       38%         3
 Summon Forest            Summ/Tloc      0%         N/A       100%        5
 Malign Gateway           Summ/Tloc      0%         N/A       100%        7


Dungeon Overview and Level Annotations

Branches:
Dungeon (1/15)

Altars:


Innate Abilities, Weirdness & Mutations

You have a beak for a mouth.
You have claws for feet.


Message History

You add the spells Summon Forest and Malign Gateway to your library.
A frilled lizard comes into view.
The frilled lizard hisses angrily.
A rat comes into view.
Found a spear.
You can't see any susceptible monsters within range! (Use Z to cast anyway.)
The frilled lizard bites you but does no damage.
The negative energy hits the frilled lizard!
The frilled lizard is drained!
You kill the frilled lizard!
You feel drained.
You miscast Kiss of Death.
You are very lightly contaminated with residual magic.
Nothing appears to happen.
The rat bites you but does no damage.
The negative energy hits the rat!
The rat is drained!
You kill the rat!
You feel drained.
Your magical contamination has completely faded away.
You see here a +0 spear.
Okay, then.
No target in view!
No target in view!
Magic restored.
Found a stone staircase leading down.
Found a stone.
A kobold comes into view. It is wielding a +0 whip.
A kobold is nearby!
A kobold is nearby!
A kobold is nearby!
The kobold throws a stone.
The stone barely misses you.
The kobold throws a stone.
The stone hits you but does no damage.
A kobold comes into view. It is wielding a +3 short sword.
Found a robe and a sling.
The kobold shouts!
A dart slug comes into view.
The kobold hits you with a +3 short sword.
Ouch! That really hurt!
The kobold hits you with a +0 whip.
Ouch! That really hurt!
You die...

... ##..#.# ...
...# #.....# ...##
#... ......# .....
...###w...[#
.....##...#......#
....>.#..#.#....#
........##.##.K.+
#....#...#@..####
#...###..K...... #
##.#...#........
###+
###.##(##...#####
... #....###....#
.# #.##........#
.## ####.#
#..##...# ..#
#....# #.###..#
..# #....# ... .).


You could see a dart slug and 2 kobolds.

Vanquished Creatures
  A frilled lizard (D:1)
  A rat (D:1)
2 creatures vanquished.

Notes
Turn   | Place    | Note
-------+----------+-------------------------------------------
     0 | D:1      | LennaLeFay the Tengu Reaver began the quest for the Orb.
     0 | D:1      | Reached XP level 1. HP: 12/12 MP: 4/4
    37 | D:1      | Got the Monograph on Accomplices
   119 | D:1      | Slain by a kobold

Illustrated notes

Levels and vault maps discovered:
D:1:      dpeg_arrival_court, layout_basic, serial_shops,
          nicolae_lakefront_shop, minmay_ruptured

Action                     || total
---------------------------++-------
   Cast: Kiss of Death     ||     2
 Armour: Leather armour    ||     3
  Dodge: Dodged            ||     1

Table legend: (Time is in decaauts)
 A = Elapsed time spent in this place.
 B = Non-inter-level travel time spent in this place.
 C = Inter-level travel time spent in this place.
 D = Time resting spent in this place.
 E = Time spent auto-exploring this place.
 F = Levels seen in this place.
 G = Mean time per level.
                   A        B        C        D        E       F      G
               +--------+--------+--------+--------+--------+-----+--------+
         Total |    119 |    119 |      0 |      0 |     33 |   1 |  119.0 |
       Dungeon |    119 |    119 |      0 |      0 |     33 |   1 |  119.0 |
               +--------+--------+--------+--------+--------+-----+--------+

Top non-repeatable levels by time:
     D:1: 119 daAuts
